 Dungeon Crawl Stone Soup version 0.25-a0-166-g16436c4407 (webtiles) character file.

Game seed: 6856228967730217128, levelgen mode: deterministic

486 Leeroy the Conjurer (level 6, 0/53 HPs)
             Began as a Draconian Conjurer on Nov 24, 2019.
             Was an Initiate of Okawaru.
             Slain by a worker ant (4 damage)
             ... on level 4 of the Dungeon.
             The game lasted 00:14:41 (5684 turns).

Leeroy the Conjurer (Draconian Conjurer)            Turns: 5684, Time: 00:14:42

Health: 0/53       AC:  7    Str: 12    XL:     6   Next: 89%
Magic:  0/9        EV: 12    Int: 16    God:    Okawaru [......]
Gold:   209        SH:  0    Dex: 11    Spells: 2/9 levels left

rFire    . . .     SeeInvis .   q - +0 long sword
rCold    . . .     Gourm    .   (no shield)
rNeg     . . .     Faith    .   (armour unavailable)
rPois    .         Spirit   .   (helmet restricted)
rElec    .         Reflect  .   (no cloak)
rCorr    .         Harm     .   D - +0 pair of gloves
MR       .....                  (no boots)
Stlth    ++........             (no amulet)
HPRegen  0.17/turn              (no ring)
MPRegen  0.11/turn              (no ring)

@: lethally poisoned (0 -> -7), flying
A: unfitting armour, cold-blooded, AC +6
a: Renounce Religion


You were on level 4 of the Dungeon.
You worshipped Okawaru.
Okawaru was noncommittal.
You were very hungry.

You visited 2 branches of the dungeon, and saw 6 of its levels.
You also visited: Sewer.

You collected 209 gold pieces.

Inventory:

Hand Weapons
 a - a +0 whip
 e - a +0 hand axe
 f - a +0 dagger
 q - a +0 long sword (weapon)
 t - a +0 falchion
 A - a +0 dagger of venom
Missiles
 r - 5 atropa-tipped darts
 u - a throwing net
 G - 6 curare-tipped darts
 J - 15 poisoned darts
 L - 8 boomerangs (quivered)
Armour
 D - a +0 pair of gloves (worn)
Jewellery
 v - an uncursed ring of protection from cold {unknown}
 z - an uncursed ring of stealth {unknown}
Scrolls
 g - a scroll of fog {unknown}
 h - 4 scrolls of teleportation {unknown}
 i - a scroll of blinking {unknown}
 j - 2 scrolls of enchant armour {unknown}
 k - a scroll of random uselessness {unknown}
 l - 3 scrolls of identify {unknown}
 m - a scroll of amnesia {unknown}
 n - 2 scrolls of enchant weapon {unknown}
 o - a scroll of fear {unknown}
 p - a scroll of magic mapping {unknown}
 s - a scroll of remove curse {unknown}
 y - a scroll of immolation {unknown}
Potions
 c - a potion of degeneration {unknown}
 d - a potion of invisibility {unknown}
 w - a potion of agility {unknown}
 x - 2 potions of flight
 B - 2 potions of ambrosia {unknown}
 C - a potion of lignification {unknown}
 E - 2 potions of might {unknown}
 F - 5 potions of heal wounds {unknown}
 H - 4 potions of curing {unknown}
 I - a potion of brilliance {unknown}
 K - a potion of magic {unknown}
 M - a potion of mutation {unknown}
 N - a potion of berserk rage {unknown}
Comestibles
 b - 11 rations


   Skills:
 + Level 4.6 Fighting
 - Level 0.1 Long Blades
 - Level 1.7 Dodging
 - Level 1.7 Stealth
 - Level 2.0 Spellcasting
 - Level 7.0 Conjurations


You had 2 spell levels left.
You knew the following spells:

 Your Spells              Type           Power        Failure   Level  Hunger
a - Magic Dart            Conj           ###.         1%          1    #......
b - Searing Ray           Conj           ###...       1%          2    ###....
c - Iskenderun's Mystic   Conj           ###.....     12%         4    #####..

Your spell library contained the following spells:

 Spells                   Type           Power        Failure   Level  Hunger
 Dazzling Spray           Conj/Hex       ##....       14%         3    ###....
 Force Lance              Conj/Tloc      ##......     43%         4    #####..
 Fulminant Prism          Conj/Hex       ##........   43%         4    #####..


Dungeon Overview and Level Annotations

Branches:
Dungeon (5/15)             Temple (1/1) D:4           Sewer (visited)

Altars:
Ashenzari
Cheibriados
Dithmenos
Elyvilon
Fedhas
Gozag
Hepliaklqana
Kikubaaqudgha
Makhleb
Nemelex Xobeh
Okawaru
Qazlal
Ru
Sif Muna
Trog
Uskayaw
Vehumet
Wu Jian
Xom
Yredelemnul
Zin


Innate Abilities, Weirdness & Mutations

Your plain brown scales are hard. (AC +6)
You cannot fit into any form of body armour.
You are cold-blooded and may be slowed by cold attacks.


Message History

The worker ant is almost dead.
The worker ant bites you but does no damage.
You barely miss the worker ant.
Your tail-slap misses the worker ant.
The worker ant is almost dead.
The worker ant bites you but does no damage.
The worker ant closely misses you.
You hit the worker ant but do no damage.
The worker ant is almost dead.
You feel sick. The worker ant bites you.
* * * LOW HITPOINT WARNING * * *
The worker ant bites you.
* * * LOW HITPOINT WARNING * * *
You are lethally poisoned!
The worker ant poisons you!
It was a potion of flight.
You feel very buoyant.
You fly up into the air.
* * * LOW HITPOINT WARNING * * *
You feel sick. The worker ant bites you.
You die...

+#.. ..#
#..........# ## ###
#......#.###
###.......#
#.......# #.......#
#.......# #.......#
############...[...#
#.........a@.....>.#
####.#######.......#
#. ######### #. ##


You could see a worker ant.

Vanquished Creatures
  A phantom (D:4)
  A hound (D:5)
  A gnoll shaman (D:4)
  Natasha (thrice) (D:3)
  An iguana (D:4)
  3 gnolls
  A howler monkey skeleton (D:4)
  7 adders
  An ooze (D:2)
  4 worms
  4 dart slugs
  2 leopard geckos (D:1)
  6 orcs
  13 bats
  4 giant cockroaches
  9 goblins
  8 hobgoblins
  5 jackals
  22 kobolds
  A quokka (D:2)
  5 ball pythons
  10 frilled lizards
  A jackal skeleton (D:4)
  10 rats
  A plant (D:1)
124 creatures vanquished.

Notes
Turn   | Place    | Note
-------+----------+-------------------------------------------
     0 | D:1      | Leeroy the Draconian Conjurer began the quest for the Orb.
     0 | D:1      | Reached XP level 1. HP: 14/14 MP: 3/3
   156 | D:1      | Reached XP level 2. HP: 9/20 MP: 0/5
   442 | D:1      | Learned a level 2 spell: Searing Ray
  1040 | D:1      | Reached skill level 5 in Conjurations
  1042 | D:1      | Reached XP level 3. HP: 14/26 MP: 6/6
  2161 | D:2      | Reached XP level 4. HP: 28/33 MP: 1/7
  2634 | D:3      | Learned a level 4 spell: Iskenderun's Mystic Blast
  2771 | D:3      | Reached skill level 6 in Conjurations
  2834 | D:3      | Noticed Natasha
  2984 | D:3      | Found a glowing drain.
  2993 | Sewer    | Entered a sewer
  3152 | Sewer    | Reached XP level 5. HP: 38/38 MP: 8/8
  3846 | D:4      | Found a staircase to the Ecumenical Temple.
  3877 | Temple   | Entered the Ecumenical Temple
  3885 | Temple   | Became a worshipper of Warmaster Okawaru
  3948 | D:4      | Reached skill level 7 in Conjurations
  4097 | D:4      | Noticed a phantom
  4484 | D:3      | Killed Natasha
  4484 | D:3      | Reached skill level 1 in Fighting
  4674 | D:3      | Found a shimmering blue altar of Sif Muna.
  4687 | D:3      | Noticed Natasha
  4698 | D:3      | Killed Natasha
  4698 | D:3      | Reached XP level 6. HP: 33/48 MP: 2/9
  4792 | D:3      | Noticed Natasha
  4798 | D:3      | Killed Natasha
  5370 | D:5      | Entered Level 5 of the Dungeon
  5684 | D:4      | Slain by a worker ant

Levels and vault maps discovered:
D:1:      denvon_arrival_planthouse, layout_basic
D:2:      layout_rooms
D:3:      layout_loops_ring, cheibrodos_sewer_entry_bend, first_ration,
          led_sif_pool, uniq_natasha
D:4:      layout_basic, minmay_temple_entry_tees, dk_noncrumbling_4
D:5:      layout_basic, nicolae_tso_besieged_by_evil, uniq_edmund
Temple:   nicolae_temple_the_god_donut

Skill      XL: |  1  2  3  4  5  6 |
---------------+-------------------+-----
Conjurations   | 5 6 7 |  7.0
Fighting       | 2 4 |  4.6
Long Blades    | |  0.1
Dodging        | |  1.7
Stealth        | |  1.7
Spellcasting   | |  2.0

Action                   |  1- 3 |  4- 6 || total
-------------------------+-------+-------++-------
Melee: Whip              |    26 |       ||    26
       Tailslap          |    39 |    35 ||    74
       Unarmed           |     1 |       ||     1
       Dagger            |   224 |       ||   224
       Long sword        |    16 |   199 ||   215
Throw: Boomerang         |       |     1 ||     1
 Cast: Magic Dart        |     5 |     2 ||     7
       Searing Ray       |     5 |    23 ||    28
       Iskenderun's Myst |       |    10 ||    10
  Use: Potion            |       |     1 ||     1
 Stab: Sleeping          |     5 |     4 ||     9
  Eat: Chunk             |     5 |    14 ||    19
Armor: Skin              |    77 |    91 ||   168
Dodge: Dodged            |   148 |   208 ||   356
       Rpst.: Long sword |     6 |    57 ||    63

Table legend:
 A = Non-vault XP
 B = Vault XP
 C = Vault XP percentage of total XP
 D = Non-vault monster count
 E = Vault monster count
 F = Vault count percentage of total count
                 A         B        C        D         E       F
            +---------+---------+-------+---------+---------+-------
      Total |     619 |      76 |  10.9 |      96 |      27 |  22.0
            +---------+---------+-------+---------+---------+-------
        D:1 |      71 |       0 |   0.0 |      33 |       0 |   0.0
        D:2 |      46 |       0 |   0.0 |      15 |       0 |   0.0
        D:3 |     142 |      45 |  24.1 |      27 |       3 |  10.0
        D:4 |     304 |       0 |   0.0 |      19 |       0 |   0.0
        D:5 |      42 |       0 |   0.0 |       1 |       0 |   0.0
     Temple |      14 |       0 |   0.0 |       1 |       0 |   0.0
      Sewer |       0 |      31 | 100.0 |       0 |      24 | 100.0
            +---------+---------+-------+---------+---------+-------
